 Dungeon Crawl Stone Soup version 0.23.2-40-g277498a001 (webtiles) character file.

Game seed: 1669773179964775183

492 MalarOregon the Skirmisher (level 6, 0/53 HPs)
             Began as a Draconian Assassin on Sept 15, 2019.
             Was an Initiate of Elyvilon.
             Slain by an ogre
             ... wielding a +0 giant club
              (19 damage)
             ... on level 6 of the Dungeon.
             The game lasted 00:07:15 (2884 turns).

MalarOregon the Skirmisher (Draconian Assassin)     Turns: 2884, Time: 00:07:16

Health: 0/53       AC:  6    Str: 13      XL:     6   Next: 91%
Magic:  0/6        EV: 13    Int: 11 (12) God:    Elyvilon [......]
Gold:   162        SH:  0    Dex: 14      Spells: 5/5 levels left

rFire    . . .     SeeInvis .   a - +2 dagger
rCold    . . .     Gourm    .   (no shield)
rNeg     . . .     Faith    .   (armour unavailable)
rPois    .         Spirit   +   (helmet restricted)
rElec    .         Reflect  .   r - scarf {Spirit}
rCorr    .         Harm     .   (no gloves)
MR       .....                  (no boots)
Stlth    +++.......             q - amulet of magic regeneration
HPRegen  0.17/turn              (no ring)
MPRegen  0.35/turn              (no ring)

@: no status effects
A: unfitting armour, cold-blooded, AC +6
a: Renounce Religion


You were on level 6 of the Dungeon.
You worshipped Elyvilon.
Elyvilon was noncommittal.
You were not hungry.

You visited 1 branch of the dungeon, and saw 4 of its levels.

You collected 162 gold pieces.

Inventory:

Hand Weapons
 a - a +2 dagger (weapon)
 b - a +0 blowgun
 j - a cursed -1 whip
   (You found it on level 1 of the Dungeon)
Missiles
 f - 2 curare-tipped needles {!f}
Armour
 c - a +0 cloak
 r - a scarf of spirit shield (worn)
   (You found it on level 3 of the Dungeon)
Jewellery
 h - an uncursed amulet of guardian spirit
   (You found it on level 1 of the Dungeon)
 q - an amulet of magic regeneration (around neck)
   (You found it on level 3 of the Dungeon)
Scrolls
 g - 3 scrolls of fog {unknown}
 i - a scroll of random uselessness {unknown}
 l - 2 scrolls of amnesia {unknown}
 m - 2 scrolls of remove curse {unknown}
 n - 2 scrolls of identify {unknown}
 t - a scroll of teleportation {unknown}
Comestibles
 e - 10 rations {!d}


   Skills:
 * Level 4.6 Fighting
 * Level 4.2 Short Blades
 + Level 3.0 Throwing
 + Level 2.6 Dodging
 + Level 4.5 Stealth


You had 5 spell levels left.
You didn't know any spells.
Your spell library contained the following spells:

 Spells                   Type           Power        Failure   Level  Hunger
 Animate Skeleton         Necr           N/A          34%         1    ##.....
 Apportation              Tloc           #.....       34%         1    ##.....
 Confusing Touch          Hex            #.....       34%         1    ##.....
 Summon Small Mammal      Summ           #...         34%         1    ##.....


Dungeon Overview and Level Annotations

Branches:
Dungeon (3/15)

Altars:
Elyvilon
Gozag
Hepliaklqana
Makhleb


Innate Abilities, Weirdness & Mutations

Your plain brown scales are hard. (AC +6)
You cannot fit into any form of body armour.
You are cold-blooded and may be slowed by cold attacks.


Message History

You shoot a poisoned needle. The poisoned needle hits the ogre.
The ogre looks as sick as possible!
The ogre barely misses you.
Unknown command.
a - a +2 dagger (weapon)
You hit the ogre. You tail-slap the ogre.
You kill the ogre!
You feel your dexterity returning.
Your Throwing skill increases to level 3!
b - a +0 blowgun (weapon)
The ogre barely misses you.
Firing (i - inventory. (/) - cycle)
d - 2 poisoned needles (quivered)
Aim: an ogre, wielding a +0 giant club You shoot a poisoned needle.
The poisoned needle hits the ogre.
Firing (i - inventory. (/) - cycle)
d - a poisoned needle (quivered)
Aim: an ogre, wielding a +0 giant club You shoot a poisoned needle.
The poisoned needle hits the ogre!
The ogre is poisoned.
The ogre barely misses you.
Firing (i - inventory)
f - 2 curare-tipped needles (quivered)
{!f}
Aim: an ogre, wielding a +0 giant club (lightly wounded, poisoned) Really fire
f - 2 curare-tipped needles {!f}? [Y]es or [N]o only, please.
Really fire
f - 2 curare-tipped needles {!f}? [Y]es or [N]o only, please.
Really fire
f - 2 curare-tipped needles {!f}? [Y]es or [N]o only, please.
Really fire
f - 2 curare-tipped needles {!f}? [Y]es or [N]o only, please.
Really fire
f - 2 curare-tipped needles {!f}? [Y]es or [N]o only, please.
Really fire
f - 2 curare-tipped needles {!f}? [Y]es or [N]o only, please.
Really fire
f - 2 curare-tipped needles {!f}?
Unknown command.
a - a +2 dagger (weapon)
You hit the ogre but do no damage. The ogre hits you with a +0 giant club!
* * * LOW HITPOINT WARNING * * *
Unknown command.
You closely miss the ogre.
You tail-slap the ogre, but do no damage.
The ogre hits you with a +0 giant club.
* * * LOW HITPOINT WARNING * * *
You are starving!
You eat one of the 11 rations {!d}.
That ration really hit the spot!
The ogre looks more healthy.
You see here 2 poisoned needles.
Things that are here:
a +0 giant club; 11 poisoned needles; a hound corpse You hit the ogre.
The ogre hits you with a +0 giant club!!
You die...

≈≈#+#≈≈
...........#.##### ≈≈#
≈ #####...........# #
≈≈# ≈ ##.##.#####.#.#
≈≈≈ ≈≈ ########.##.#
#.#.# ≈≈.##...........#
#...# ≈≈..^.#.####.##.#
#.##.... ≈≈......#
#.##.#####(# ###
≈≈......####.##.......#
≈..(....()O@.#####.####
.#....$(####.# #.#
#.$..... ..# #.#
.......## #.# #.#
.####.# #.# #.. #. #..
... #. ### #..


You could see an ogre.

Vanquished Creatures
  An orc warrior (D:6)
  An ice beast (D:6)
  An ogre (D:6)
  A centaur (D:6)
  A hound (D:6)
  3 gnolls (D:6)
  An adder (D:2)
  2 dart slugs (D:1)
  5 worms (D:2)
  2 leopard geckos
  2 orcs (D:6)
  A ball python (D:2)
  7 bats
  4 giant cockroaches
  2 goblins
  6 hobgoblins
  10 jackals
  3 frilled lizards
  6 kobolds
  5 rats
64 creatures vanquished.

Notes
Turn   | Place    | Note
-------+----------+-------------------------------------------
     0 | D:1      | MalarOregon the Draconian Assassin began the quest for the
                  | Orb.
     0 | D:1      | Reached XP level 1. HP: 17/17 MP: 1/1
    48 | D:1      | Reached skill level 1 in Dodging
   135 | D:1      | Reached XP level 2. HP: 22/25 MP: 2/2
   553 | D:1      | Reached XP level 3. HP: 30/30 MP: 3/3
  1041 | D:2      | Found an opulent altar of Gozag.
  1416 | D:2      | Found a white marble altar of Elyvilon.
  1419 | D:2      | Found a burning altar of Makhleb.
  1435 | D:2      | Found a hazy altar of Hepliaklqana.
  1492 | D:2      | Became a worshipper of Elyvilon the Healer
  1525 | D:2      | Reached XP level 4. HP: 38/38 MP: 4/4
  1908 | D:3      | You fall through a shaft for 3 floors!
  1923 | D:6      | Noticed a centaur
  1931 | D:6      | Killed a centaur
  1931 | D:6      | Reached XP level 5. HP: 39/45 MP: 5/5
  2255 | D:6      | Reached * piety under Elyvilon
  2257 | D:6      | Noticed an orc warrior
  2294 | D:6      | Killed an orc warrior
  2294 | D:6      | Reached XP level 6. HP: 30/52 MP: 6/6
  2519 | D:6      | Noticed an ice beast
  2718 | D:6      | Killed an ice beast
  2884 | D:6      | Slain by an ogre

Skill      XL: |  1  2  3  4  5  6 |
---------------+-------------------+-----
Dodging        | 1 2 |  2.6
Throwing       | 2 3 |  3.0
Fighting       | 3 4 |  4.6
Short Blades   | 3 4 |  4.2
Stealth        | 4 |  4.5

Action                   |  1- 3 |  4- 6 || total
-------------------------+-------+-------++-------
Melee: Dagger            |   132 |    94 ||   226
       Tailslap          |    14 |     6 ||    20
 Fire: Blowgun           |    15 |    54 ||    69
Invok: Lesser Healing    |       |     5 ||     5
  Use: Potion            |       |     4 ||     4
 Stab: Sleeping          |     9 |     3 ||    12
  Eat: Chunk             |     2 |     3 ||     5
       Ration            |       |     1 ||     1
Armor: Skin              |    38 |    42 ||    80
Dodge: Dodged            |    83 |    51 ||   134
